 Dungeon Crawl Stone Soup version 0.17-a0-562-gfd539b1 (webtiles) character file.

74 Fluffy the Slasher (level 4, 0/33 HPs)
             Began as a Demonspawn Gladiator on Apr 14, 2015.
             Slain by Robin
             ... wielding a +8 club
              (3 damage)
             ... on level 2 of the Dungeon.
             The game lasted 00:02:16 (1338 turns).

Fluffy the Slasher (Demonspawn Gladiator)           Turns: 1338, Time: 00:02:16

Health: 0/33       AC:  6    Str: 16    XL:     4   Next: 10%
Magic:  4/4        EV: 11    Int: 10    God:
Gold:   85         SH:  0    Dex: 13    Spells: 0 memorised, 3 levels left

rFire  . . .     SeeInvis .     a - +0 long sword
rCold  . . .     Clarity  .     g - +0 ring mail
rNeg   . . .     SustAb   .     (no shield)
rPois  .         Gourm    .     c - +0 helmet
rElec  .         Spirit   .     (no cloak)
rCorr  .         Warding  .     (no gloves)
rMut   .         Stasis   .     (no boots)
MR     .....                    (no amulet)
Stlth  +.........               (no ring)
                                (no ring)

@: not resistant to hostile enchantments, very unstealthy
A: talons 1, powered by pain 1
a: no special abilities


You were on level 2 of the Dungeon.
You were hungry.

You visited 1 branch of the dungeon, and saw 2 of its levels.

You collected 85 gold pieces.

Inventory:

Hand weapons
 a - a +0 long sword (weapon)
Missiles
 d - 3 throwing nets (quivered)
Armour
 c - a +0 helmet (worn)
 g - a +0 ring mail (worn)
Scrolls
 e - 3 scrolls of random uselessness {unknown}
 h - 2 scrolls of amnesia {unknown}
 k - 2 scrolls of identify {unknown}
 n - 2 scrolls of remove curse {unknown}
 p - 2 scrolls of fog {unknown}
Potions
 i - a potion of mutation {unknown}
 j - 2 potions of agility {unknown}
 l - a potion of heal wounds {unknown}
 o - a potion of curing {unknown}
Comestibles
 b - a meat ration
 f - a bread ration
 m - a beef jerky


   Skills:
 - Level 2.0 Fighting
 + Level 4.5 Long Blades
 - Level 1.7 Throwing
 - Level 2.6 Dodging


You had 3 spell levels left.
You didn't know any spells.

Dungeon Overview and Level Annotations

Branches:
Dungeon (2/15)

Altars:
Qazlal

Annotations:
D:2 Robin


Innate Abilities, Weirdness & Mutations

You have sharp toenails.
You sometimes gain a little power by taking damage.


Message History

You barely miss Robin.
Robin is lightly wounded.
The bat closely misses you. The bat hits you but does no damage.
Robin hits you with an enchanted club.
* * * LOW HITPOINT WARNING * * *
The goblin hits you but does no damage.
You barely miss Robin. You claw Robin, but do no damage.
Robin is lightly wounded.
The bat hits you but does no damage.
Robin says, "My goblins will feast on your bones."
Robin closely misses you. The goblin closely misses you.
You barely miss Robin. You claw Robin, but do no damage.
Robin is lightly wounded.
Robin hits you with an enchanted club.
* * * LOW HITPOINT WARNING * * *
The goblin hits you but does no damage. The bat hits you but does no damage.
You barely miss Robin.
Robin is lightly wounded.
The bat hits you but does no damage. Robin hits you with an enchanted club.
You die...

#.# #.# #.# #.#
#.# #.#
####.#######.# #.#
. #.#
#..>....†..#.# ...
#................#
.#.
######.#.#####...#
. . #.#.# ###.# .
. #.#.# #g# # #.#
#g# #.. #@#
#.......g.b...#
........###..#
....... .# .......
# .....# ...# ..


You could see Robin, 2 goblins and a bat.

Vanquished Creatures
  3 adders (D:2)
  2 worms (D:2)
  4 giant cockroaches
  10 goblins
  4 hobgoblins
  7 bats
  7 giant newts
  2 kobolds
  4 rats
43 creatures vanquished.

Notes
Turn   | Place    | Note
--------------------------------------------------------------
     0 | D:1      | Fluffy, the Demonspawn Gladiator, began the quest for the Orb.
     0 | D:1      | Reached XP level 1. HP: 16/16 MP: 1/1
   102 | D:1      | Reached skill level 3 in Long Blades
   182 | D:1      | Gained mutation: You sometimes gain a little power by taking damage. [demonic ancestry]
   182 | D:1      | Reached XP level 2. HP: 22/22 MP: 2/2
   530 | D:2      | Gained mutation: You have sharp toenails. [demonic ancestry]
   530 | D:2      | Reached XP level 3. HP: 27/27 MP: 3/3
   561 | D:2      | Reached skill level 4 in Long Blades
   900 | D:2      | Found a stormy altar of Qazlal.
  1295 | D:2      | Noticed Robin
  1307 | D:2      | Reached XP level 4. HP: 26/33 MP: 4/4
  1338 | D:2      | Slain by Robin

Action                   |  1- 3 |  4- 6 || total
-------------------------+-------+-------++-------
Melee: Long sword        |   102 |    30 ||   132
  Eat: Chunk             |     1 |       ||     1
